 Dungeon Crawl Stone Soup version 0.18.1-47-g9310371 (webtiles) character file.

261 sarahorange the Conjurer (level 5, -4/36 HPs)
             Began as a Demonspawn Conjurer on June 22, 2016.
             Shot with an arrow by a centaur (13 damage)
             ... on level 3 of the Dungeon on June 23, 2016.
             The game lasted 00:24:42 (4031 turns).

sarahorange the Conjurer (Demonspawn Conjurer)      Turns: 4031, Time: 00:24:44

Health: -4/36      AC:  6    Str: 14    XL:     5   Next: 96%
Magic:  2/10       EV: 12    Int: 19    God:
Gold:   164        SH:  0    Dex: 13    Spells: 3 memorised, 4 levels left

rFire  . . .     SeeInvis .     o - +0 mace
rCold  . . .     Gourm    .     a - +1 robe
rNeg   . . .     Faith    .     (no shield)
rPois  .         Spirit   .     (no helmet)
rElec  .         Dismiss  .     (no cloak)
rCorr  .         Reflect  .     (no gloves)
SustAt .         Harm     .     (no boots)
MR     .....                    (no amulet)
Stlth  ++........               (no ring)
                                h - +2 ring of intelligence

@: mighty, exhausted, slowed, very slow, not resistant to hostile enchantments,
unstealthy
A: molten scales 2, demonic guardian 1
a: no special abilities


You were on level 3 of the Dungeon.
You were not hungry.

You visited 1 branch of the dungeon, and saw 4 of its levels.

You collected 164 gold pieces.

Inventory:

Hand Weapons
 o - a +0 mace (weapon)
Missiles
 l - 41 stones (quivered)
Armour
 a - a +1 robe (worn)
Jewellery
 h - a +2 ring of intelligence (left hand)
Scrolls
 j - a scroll of identify
 q - a scroll of fear
Potions
 k - a potion of flight {unknown}
 n - a potion of berserk rage
 p - a potion of haste {unknown}
Books
 b - a book of Conjurations

   Spells                             Type                      Level
   a - Magic Dart                     Conjuration                  1
   b - Searing Ray                    Conjuration                  2
   c - Dazzling Spray                 Conjuration/Hexes            3
   d - Fulminant Prism                Conjuration/Hexes            4
   e - Iskenderun's Mystic Blast      Conjuration                  4
   f - Iskenderun's Battlesphere      Conjuration/Charms           5
Comestibles
 c - 3 bread rations
 d - a meat ration


   Skills:
 + Level 0.4 Fighting
 + Level 1.0 Throwing
 + Level 2.6 Dodging
 + Level 1.9 Stealth
 + Level 3.3 Spellcasting
 * Level 5.8 Conjurations
 + Level 0.4 Hexes


You had 4 spell levels left.
You knew the following spells:

 Your Spells              Type           Power        Failure   Level  Hunger
a - Magic Dart            Conj           ####         1%          1    None
b - Searing Ray           Conj           ####..       1%          2    ##.....
c - Dazzling Spray        Conj/Hex       ##....       14%         3    ###....


Dungeon Overview and Level Annotations

Branches:
Dungeon (4/15)
 Temple: D:4-7

Altars:


Innate Abilities, Weirdness & Mutations

You are mostly covered in molten scales (AC +3, EV -1).
A weak demonic guardian rushes to your aid.


Message History

The hobgoblin closely misses your ufetubus.
Your ufetubus hits the hobgoblin.
Your ufetubus hits the hobgoblin but does no damage.
Your ufetubus barely misses the hobgoblin. x2
The hobgoblin closely misses your ufetubus.
A rat comes into view.
Your ufetubus hits the hobgoblin but does no damage.
Your ufetubus barely misses the hobgoblin. x2
Your ufetubus closely misses the hobgoblin.
The hobgoblin barely misses your ufetubus.
Your ufetubus hits the hobgoblin but does no damage.
Your ufetubus hits the hobgoblin.
Your ufetubus closely misses the hobgoblin.
Your ufetubus hits the hobgoblin.
The hobgoblin dies!
The rat bites you.
* * * LOW HITPOINT WARNING * * *
The centaur shoots an arrow.
The arrow closely misses your ufetubus. The arrow hits you!
You die...

!..####### #....r@.#
#######.# #.# #.#
#5# #)# #######
#c#####(....#####
#.##().g>.(........#
#........(((........


You could see a centaur, a rat and a friendly ufetubus.

Vanquished Creatures
  A hound (D:2)
  2 orc priests (D:3)
  The ghost of sarahorange the Conjurer, a weakling FeCj (D:3)
  An orc wizard (D:3)
  5 adders (D:2)
  A worm (D:2)
  A dart slug (D:2)
  3 giant geckos (D:1)
  4 orcs (D:3)
  3 bats
  4 giant cockroaches
  11 goblins
  8 hobgoblins
  A quokka (D:2)
  A ball python (D:1)
  A giant newt (D:1)
  4 kobolds
  9 rats
61 creatures vanquished.

Vanquished Creatures (collateral kills)
  An orc (D:3)
  A goblin (D:3)
  A hobgoblin (D:3)
3 creatures vanquished.

Grand Total: 64 creatures vanquished

Notes
Turn   | Place    | Note
--------------------------------------------------------------
     0 | D:1      | sarahorange the Demonspawn Conjurer began the quest for the Orb.
     0 | D:1      | Reached XP level 1. HP: 13/13 MP: 3/3
   247 | D:1      | Gained mutation: You are partially covered in molten scales (AC +1). [demonic ancestry]
   247 | D:1      | Reached XP level 2. HP: 19/19 MP: 1/5
   759 | D:1      | Learned a level 2 spell: Searing Ray
  1043 | D:1      | Reached XP level 3. HP: 24/24 MP: 0/6
  1847 | D:2      | Reached skill level 5 in Conjurations
  2087 | D:2      | Gained mutation: A weak demonic guardian rushes to your aid. [demonic ancestry]
  2087 | D:2      | Reached XP level 4. HP: 30/30 MP: 3/7
  2676 | D:3      | Noticed sarahorange's ghost (weakling FeCj)
  2682 | D:3      | Killed sarahorange's ghost
  2688 | D:2      | Gained mutation: You are mostly covered in molten scales (AC +3, EV -1). [demonic ancestry]
  2688 | D:2      | Reached XP level 5. HP: 13/35 MP: 0/9
  2870 | D:2      | Learned a level 3 spell: Dazzling Spray
  3194 | D:3      | Noticed a centaur
  3979 | D:4      | Noticed an ogre
  4018 | D:3      | Reached skill level 1 in Throwing
  4031 | D:3      | Shot with an arrow by a centaur

Skill      XL: |  1  2  3  4  5 |
---------------+----------------+-----
Dodging        | 2 |  2.6
Conjurations   | 5 |  5.8
Spellcasting   | 3 |  3.3
Throwing       | 1 |  1.0
Fighting       | |  0.4
Stealth        | |  1.9
Hexes          | |  0.4

Action                   |  1- 3 |  4- 6 || total
-------------------------+-------+-------++-------
Melee: Unarmed           |    18 |       ||    18
       Mace              |       |     3 ||     3
Throw: Stone             |    22 |       ||    22
 Cast: Magic Dart        |    72 |    25 ||    97
       Searing Ray       |     4 |    16 ||    20
       Dazzling Spray    |       |     2 ||     2
  Use: Scroll            |     1 |     5 ||     6
       Potion            |       |     4 ||     4
  Eat: Chunk             |     2 |     1 ||     3
       Meat ration       |     1 |     1 ||     2
Armor: Robe              |    13 |     4 ||    17
Dodge: Dodged            |    28 |    24 ||    52
